 Dungeon Crawl Stone Soup version 0.24-a0-479-g9a978d2894 (webtiles) character file.

Game seed: 11805313518233099427

132 StrawberryEater the Digger (level 5, -2/28 HPs)
             Began as a Gargoyle Earth Elementalist on July 6, 2019.
             Slain by a hippogriff (8 damage)
             ... on level 3 of the Dungeon.
             The game lasted 00:06:01 (2786 turns).

StrawberryEater the Digger (GrEE)                   Turns: 2786, Time: 00:06:01

Health: -2/28      AC:  9    Str: 11    XL:     5   Next: 15%
Magic:  1/10       EV: 12    Int: 17    God:
Gold:   100        SH:  0    Dex: 10    Spells: 1/10 levels left

rFire    . . .     SeeInvis +   f - +0 dagger
rCold    . . .     Gourm    .   (no shield)
rNeg     + . .     Faith    .   c - +0 robe
rPois    ∞         Spirit   .   k - +0 helmet
rElec    +         Reflect  .   (no cloak)
rCorr    .         Harm     .   (no gloves)
MR       .....                  r - +1 pair of boots {Fly}
Stlth    ++........             (no amulet)
HPRegen  0.09/turn              n - ring of see invisible
MPRegen  0.12/turn              (no ring)

@: flying, very slightly contaminated
A: negative energy resistance 1, electricity resistance, unbreathing,
petrification resistance, rot immunity, AC +4
a: Stop Flying


You were on level 3 of the Dungeon.
You were not hungry.

You visited 1 branch of the dungeon, and saw 3 of its levels.

You collected 100 gold pieces.

Inventory:

Hand Weapons
 e - a +0 club
 f - a +0 dagger (weapon)
Missiles
 b - 61 stones (quivered)
Armour
 c - a +0 robe (worn)
 j - a +0 pair of boots
 k - a +0 helmet (worn)
 r - a +1 pair of boots of flying (worn)
Jewellery
 n - a ring of see invisible (left hand)
Wands
 m - a wand of polymorph (6)
Scrolls
 g - a scroll of fear {unknown}
 h - a scroll of identify {unknown}
 i - a scroll of teleportation {unknown}
 o - a scroll of magic mapping {unknown}
 q - 2 scrolls of enchant weapon {unknown}
 s - a scroll of remove curse {unknown}
 w - a scroll of fog {unknown}
Potions
 a - 2 potions of curing {unknown}
 l - a potion of berserk rage {unknown}
 p - 2 potions of mutation {unknown}
 u - 2 potions of haste {unknown}
 v - a potion of brilliance {unknown}
Comestibles
 d - 5 rations
 t - 5 chunks of flesh


   Skills:
 - Level 1.5 Dodging
 - Level 2.1 Stealth
 + Level 3.3 Spellcasting
 + Level 2.1 Conjurations
   Level 0.7 Transmutations
 + Level 5.1 Earth Magic


You had one spell level left.
You knew the following spells:

 Your Spells              Type           Power        Failure   Level  Hunger
a - Sandblast             Erth           ###...       1%          1    None
b - Stone Arrow           Conj/Erth      ###...       12%         3    ###....
c - Lee's Rapid Deconstr  Erth           ###.......   50%         5    ######.

Your spell library contained the following spells:

 Spells                   Type           Power        Failure   Level  Hunger
 Passwall                 Tmut/Erth      ##......     8%          2    ##.....
 Petrify                  Tmut/Erth      ##......     45%         4    ####...


Dungeon Overview and Level Annotations

Branches:
Dungeon (3/15)

Altars:


Innate Abilities, Weirdness & Mutations

You are resistant to torment.
Your stone body is resilient. (AC +4)
You are immune to poison.
You resist negative energy. (rN+)
You are resistant to electric shocks. (rElec)
You can survive without breathing.
You are immune to petrification.
You are immune to rotting.


Message History

Aim: a hippogriff (heavily wounded)
The blast of sand hits the hippogriff!
The hippogriff is severely wounded.
b - 62 stones The hippogriff bites you!
* * * LOW HITPOINT WARNING * * *
The hippogriff misses you. The hippogriff claws you.
* * * LOW HITPOINT WARNING * * *
Okay, then.
Unknown command.
Casting: Sandblast (safe; 1% risk of failure)
Confirm with . or Enter, or press ? or * to list all spells.
Aiming: Sandblast (safe; 1% risk of failure)
Press: ? - help, Shift-Dir - straight line, f/p - hippogriff
Aim: a hippogriff (severely wounded)
The blast of sand hits the hippogriff.
The hippogriff is almost dead.
b - 61 stones The hippogriff bites you!
You die...

#..#.##..# ...#.#..## ###
(# # ...#....#. ... )..#
...##..##.. #.##.#.
....##### #. ......
........# .. #.#..# ##
........# #.#.##.#..##...
........# #....H.#.....#
........# .##@...##.# .
........# #.####.....#.#
........#####.............
#######......#####.......#
#### #................###
...# #................#
...# ######..........##
...# #..........# ...#
#....>.....#


You could see a hippogriff.

Vanquished Creatures
  7 adders
  6 dart slugs
  An orc (D:3)
  A ball python (D:3)
  5 bats
  3 giant cockroaches (D:1)
  10 goblins
  6 hobgoblins
  A jackal (D:3)
  2 quokkas (D:2)
  5 frilled lizards
  5 kobolds (D:1)
  5 rats
57 creatures vanquished.

Notes
Turn   | Place    | Note
-------+----------+-------------------------------------------
     0 | D:1      | StrawberryEater the Gargoyle Earth Elementalist began the
                  | quest for the Orb.
     0 | D:1      | Reached XP level 1. HP: 10/10 MP: 3/3
   188 | D:1      | Reached skill level 4 in Earth Magic
   188 | D:1      | Reached XP level 2. HP: 11/15 MP: 5/5
   744 | D:1      | Reached XP level 3. HP: 19/19 MP: 4/6
   752 | D:1      | Learned a level 3 spell: Stone Arrow
  1073 | D:2      | Reached skill level 1 in Conjurations
  1157 | D:2      | Reached XP level 4. HP: 24/24 MP: 2/8
  2283 | D:3      | Reached skill level 5 in Earth Magic
  2532 | D:3      | Reached XP level 5. HP: 23/28 MP: 1/9
  2559 | D:3      | Learned a level 5 spell: Lee's Rapid Deconstruction
  2777 | D:3      | Noticed a hippogriff
  2786 | D:3      | Slain by a hippogriff

Levels and vault maps discovered:
D:1:      minmay_arrival_plants_in_alcoves, layout_basic, minmay_tripent
D:2:      layout_basic, first_ration
D:3:      layout_basic, minmay_puff

Skill      XL: |  1  2  3  4  5 |
---------------+----------------+-----
Earth Magic    | 4 5 |  5.1
Conjurations   | 1 2 |  2.1
Spellcasting   | 3 |  3.3
Dodging        | |  1.5
Stealth        | |  2.1
Transmutations | |  0.7

Action                   |  1- 3 |  4- 6 || total
-------------------------+-------+-------++-------
Melee: Dagger            |    90 |   143 ||   233
       Unarmed           |    14 |       ||    14
 Cast: Sandblast         |    11 |    19 ||    30
       Stone Arrow       |     1 |     6 ||     7
 Stab: Sleeping          |     2 |     1 ||     3
  Eat: Chunk             |     1 |     6 ||     7
Armor: Robe              |    48 |    91 ||   139
Dodge: Dodged            |    58 |   122 ||   180

Table legend:
 A = Non-vault XP
 B = Vault XP
 C = Vault XP percentage of total XP
 D = Non-vault monster count
 E = Vault monster count
 F = Vault count percentage of total count
                 A         B        C        D         E       F
            +---------+---------+-------+---------+---------+-------
      Total |     166 |      23 |  12.2 |      52 |       5 |   8.8
            +---------+---------+-------+---------+---------+-------
        D:1 |      36 |       5 |  12.2 |      20 |       2 |   9.1
        D:2 |      97 |       0 |   0.0 |      20 |       0 |   0.0
        D:3 |      33 |      18 |  35.3 |      12 |       3 |  20.0
            +---------+---------+-------+---------+---------+-------
